 Dungeon Crawl Stone Soup version 0.29-a0-648-g6b26cc9f40 (webtiles) character file.

Game seed: 4442989842832722901

42775 blackman the Gelid (level 14, -4/101 (106) HPs)
             Began as a Human Ice Elementalist on June 20, 2022.
             Was the Champion of Zin.
             Killed from afar by a lava snake (8 damage)
             ... with a glob of lava
             ... on level 6 of the Lair of Beasts on June 21, 2022.
             The game lasted 02:41:06 (38741 turns).

blackman the Gelid (Human Ice Elementalist)        Turns: 38741, Time: 02:41:06

HP:   -4/101 (106)  AC:  7    Str: 10    XL:     14   Next: 57%
MP:   4/23          EV: 15    Int: 19    God:    Zin [******]
Gold: 1350          SH:  0    Dex: 14    Spells: 12/25 levels left

rFire   + + .      SeeInvis .   X - +2 war axe (freeze)
rCold   . . .      Faith    +   (no shield)
rNeg    . . .      Spirit   .   I - +0 leather armour {rF+}
rPois   .          Reflect  .   e - +0 helmet
rElec   .          Harm     .   (no cloak)
rCorr   .          Rampage  .   f - +0 pair of gloves
Will    +....                   D - +1 pair of boots
Stlth   ++........              y - amulet of faith {!P}
HPRegen 0.26/turn               F - ring of protection from cold
MPRegen 0.18/turn               a - ring of fire

@: about to teleport, lightly drained
A: no striking features
a: Renounce Religion, Recite, Vitalisation, Imprison, Sanctuary, Donate Gold


You were on level 6 of the Lair of Beasts.
You worshipped Zin.
Zin was exalted by your worship.
You visited 2 branches of the dungeon, and saw 18 of its levels.
You also visited: Sewer and Ossuary.

You collected 1499 gold pieces.
You donated 149 gold pieces to Zin.

Inventory:

Hand Weapons
 d - a +1 short sword {short}
 X - a +2 war axe of freezing (weapon)
Missiles
 A - 14 poisoned darts
 C - 8 javelins
 S - 2 curare-tipped darts
 U - 3 datura-tipped darts
 W - 117 stones {throwing}
Armour
 e - a +0 helmet (worn)
 f - a +0 pair of gloves (worn)
 k - a +0 troll leather armour
 l - a +3 leather armour
 u - +0 steam dragon scales
 D - a +1 pair of boots (worn)
 I - a +0 leather armour of fire resistance (worn)
Magical Staves
 b - a staff of cold {!astaff}
 q - a staff of conjuration {!a@e2staff}
Jewellery
 a - a ring of fire (right hand)
 i - an amulet of the acrobat
 y - an amulet of faith (around neck) {!P}
 F - a ring of protection from cold (left hand)
 H - a ring of ice
 T - a ring of protection from cold
Wands
 O - a wand of charming (10)
 Q - a wand of flame (9)
Scrolls
 n - 4 scrolls of immolation {!r!r}
 o - 3 scrolls of poison
 r - 3 scrolls of enchant weapon
 s - 3 scrolls of fog {unknown}
 t - 2 scrolls of vulnerability
 w - 2 scrolls of teleportation {@r4}
 x - 2 scrolls of amnesia {unknown}
 B - 4 scrolls of noise {unknown}
 K - a scroll of enchant armour
 L - 3 scrolls of blinking
 M - 3 scrolls of identify
 R - a scroll of brand weapon {unknown}
 V - a scroll of torment {unknown}
Potions
 c - 2 potions of mutation {forbidden!q}
 g - 2 potions of berserk rage {unknown}
 h - 8 potions of curing
 j - 2 potions of heal wounds
 m - 6 potions of attraction {unknown}
 p - 5 potions of brilliance
 v - 4 potions of flight
 z - 2 potions of might {unknown}
 E - a potion of resistance {unknown}
 G - 2 potions of degeneration {unknown}
 J - 2 potions of ambrosia {unknown}
 P - 3 potions of lignification {unknown}
Miscellaneous
 N - a lightning rod (4/4)


   Skills:
 * Level 8.4 Fighting
 * Level 8.8 Dodging
 - Level 2.0 Stealth
 - Level 6.4 Spellcasting
 - Level 7.6 Conjurations
 - Level 15.8 Ice Magic
 - Level 12.0 Invocations


You had 12 spell levels left.
You knew the following spells:

 Your Spells              Type           Power      Damage    Failure   Level
a - Freeze                Ice            100%       1d11      1%          1
b - Frozen Ramparts       Ice            100%       1d12      1%          3
c - Ozocubu's Armour      Ice            60%        N/A       1%          3
d - Hailstorm             Conj/Ice       50%        3d11      1%          4
e - Ensorcelled Hibernat  Hex/Ice        72%        N/A       1%          2

Your spell library contained the following spells:

 Spells                   Type           Power      Damage    Failure   Level
 Foxfire                  Conj/Fire      100%       2x1d9     3%          1
 Shock                    Conj/Air       80%        1d8       3%          1
 Conjure Flame            Conj/Fire      31%        6-21      9%          3
 Sting                    Tmut/Pois      24%        1d4       14%         1
 Freezing Cloud           Conj/Ice/Air   17%        6-21      16%         5
 Passwall                 Tmut/Erth      5%         N/A       22%         2
 Poisonous Vapours        Pois/Air       12%        N/A       22%         2
 Flame Wave               Conj/Fire      31%        2d8       30%         4
 Inner Flame              Hex/Fire       9%         N/A       41%         3
 Summon Guardian Golem    Hex/Summ       6%         N/A       41%         3
 Swiftness                Air            6%         N/A       41%         3
 Simulacrum               Ice/Necr       18%        N/A       65%         6
 Airstrike                Air            3%         N/A       82%         4
 Cause Fear               Hex            3%         N/A       82%         4
 Corpse Rot               Necr/Pois/Air  6%         N/A       82%         4
 Olgreb's Toxic Radiance  Pois           6%         N/A       82%         4
 Summon Forest            Summ/Tloc      3%         N/A       99%         5
 Summon Mana Viper        Hex/Summ       6%         N/A       99%         5
 Orb of Destruction       Conj           17%        9d7       99%         7
 Summon Cactus Giant      Summ           3%         N/A       100%        6
 Spellforged Servitor     Conj/Summ      10%        N/A       100%        7
 Discord                  Hex            3%         N/A       100%        8
 Polar Vortex             Ice            30%        N/A       100%        9


Dungeon Overview and Level Annotations

Branches:
Dungeon (12/15)            Temple (0/1) D:5            Lair (6/6) D:9
 Shoals (0/4) Lair:4        Snake (0/4) Lair:2          Orc (0/2) D:10
  Sewer (visited)         Ossuary (visited)
  Slime: Lair:5-6

Altars:
Cheibriados
Gozag
Hepliaklqana
Kikubaaqudgha
Makhleb
Nemelex Xobeh
Okawaru
Zin

Portals:
Trove: D:10 (give 8 scrolls of blinking)

Annotations:
D:2 1 runed translucent door, Crazy Yiuf
D:6 exclusion: ice beast
Lair:5 Kirke
Lair:6 2 runed translucent doors


Message History

The steam dragon claws you but does no damage.
As you read the scroll of teleportation {@r4}, it crumbles to dust.
You feel strangely unstable. The wyvern closely misses you.
The steam dragon bites you but does no damage.
The steam dragon claws you but does no damage.
The lava snake spits lava at you. The glob of lava hits you.
You partially resist.
The steam dragon attacks as you move away!
The steam dragon bites you but does no damage.
The steam dragon claws you.
* * * LOW HITPOINT WARNING * * *
The wyvern is engulfed in a cloud of scalding steam.
The wyvern misses you.
The steam dragon attacks as you move away!
The steam dragon barely misses you. The steam dragon claws you.
* * * LOW HITPOINT WARNING * * *
The wyvern is engulfed in a cloud of scalding steam.
Your surroundings suddenly seem different. 2 giant lizards, 2 wyverns, a lindwurm and 3 lava snakes come into view.
Found a large runed translucent door.
The lindwurm roars!
The lava snake hisses angrily.
The basilisk hisses angrily.
The wyvern hisses angrily.
You hear an angry hiss.
The wyvern hisses angrily.
The komodo dragon hisses angrily.
You hear an angry hiss.
As you read the scroll of teleportation {@r4}, it crumbles to dust.
You feel strangely unstable.
The lava snake hisses angrily. x2
A black mamba comes into view.
The lava snake spits lava at you. The glob of lava misses you.
The lava snake spits lava at you. The glob of lava hits you.
You partially resist.
* * * LOW HITPOINT WARNING * * *
The wyvern barely misses you. The wyvern bites you!
* * * LOW HITPOINT WARNING * * *
The lava snake spits lava at you. The glob of lava hits you!
You partially resist.
* * * LOW HITPOINT WARNING * * *
The lava snake spits lava at you. The glob of lava hits you!
You partially resist.
You die...

##....###..## ##....... ##P....#
### #§......S P#....#######
##≈....S.
..P....P.##≈≈##≈≈....##.
.........# ≈≈≈#≈≈...#≈§≈
#........# #≈S§l.ll≈≈..
#........# #§≈§§...≈k# ##.P.....#
##≈≈..l.≈≈#
#####....###8≈..@.S≈≈# ##
#......###≈.......+.. #≈§§
.####.....##8§S§§....+.. #≈≈§
..##......###§§§..≈≈≈#... #≈≈#
..........####≈≈...≈≈##... ##≈§##
...........# 8≈§...#§≈######§§§#.
...........###≈≈..##≈§≈§≈≈≈≈§≈§.†
.....##P...# ≈≈## ≈###≈≈≈≈#†.#
#....###...## ##...S≈...##


You could see a lindwurm, a komodo dragon, a black mamba, a basilisk, 2 wyverns
and 3 lava snakes.

Vanquished Creatures
  Snorg (Lair:5)
  Harold (D:10)
  6 hydras
  2 boulder beetles
  A catoblepas (Lair:5)
  5 two-headed ogres
  3 black mambas
  An unseen horror (D:11)
  11 cane toads
  A molten gargoyle (Lair:6)
  A gargoyle (D:12)
  11 komodo dragons
  2 kobold demonologists (D:11)
  A tengu conjurer (D:8)
  4 rime drakes
  5 trolls
  Prince Ribbit (D:6)
  9 blink frogs
  4 dream sheep (Lair:3)
  A shadow (D:12)
  2 vampires
  4 basilisks
  A wraith (D:12)
  7 wyverns
  2 humans (D:11)
  54 yaks
  2 hogs
  3 steam dragons
  3 vampire mosquitoes (D:11)
  An acid dragon (D:12)
  12 water moccasins
  4 hell hounds (Lair:6)
  A sky beast (D:6)
  3 orc warriors
  6 black bears
  17 wolves
  7 ogres
  3 centaurs
  2 elf zombies (Ossuary)
  7 kobold brigands
  12 bullfrogs
  A gnoll sergeant (D:9)
  3 necrophages
  3 scorpions
  5 wights
  9 killer bees
  5 electric eels
  A howler monkey (D:6)
  A lava snake (Lair:6)
  A centaur zombie (Ossuary)
  4 human zombies (Ossuary)
  A jelly (D:6)
  7 hounds
  6 orc priests
  4 gnoll shamans
  2 iguanas
  7 orc wizards
  A merfolk siren (Sewer)
  A merfolk avatar (Sewer)
  2 hound zombies (Ossuary)
  3 mummies (Ossuary)
  23 gnolls
  A river rat (Sewer)
  10 adders
  A shadow imp (D:7)
  A white imp (D:7)
  An ufetubus (D:5)
  6 adder zombies (Ossuary)
  3 worms
  A dart slug (D:2)
  33 orcs
  14 endoplasms
  7 giant cockroaches
  5 goblins
  8 hobgoblins
  6 quokkas
  7 ball pythons
  7 bats
  12 frilled lizards
  A gnoll zombie (Ossuary)
  2 goblin zombies (Ossuary)
  7 hobgoblin zombies (Ossuary)
  3 jackal zombies (Ossuary)
  33 kobolds
  An orc zombie (Ossuary)
  5 quokka zombies (Ossuary)
  21 rats
  3 rat zombies (Ossuary)
513 creatures vanquished.

Vanquished Creatures (collateral kills)
  An ice beast (D:6)
1 creature vanquished.

Vanquished Creatures (others)
  38 fungi
  3 pillars of salt
  40 plants
81 creatures vanquished.

Grand Total: 595 creatures vanquished

Notes
Turn   | Place    | Note
-------+----------+-------------------------------------------
     0 | D:1      | blackman the Human Ice Elementalist began the quest for the
                  | Orb.
     0 | D:1      | Reached XP level 1. HP: 13/13 MP: 3/3
   357 | D:1      | Reached XP level 2. HP: 14/19 MP: 1/5
  1007 | D:1      | Found a faded altar of an unknown god.
  1085 | D:1      | Prayed at the altar of an unknown god.
  1085 | D:1      | Became a worshipper of Zin the Law-Giver
  1085 | D:1      | Reached * piety under Zin
  1189 | D:1      | Reached XP level 3. HP: 24/24 MP: 4/6
  1356 | D:2      | Reached ** piety under Zin
  1374 | D:2      | Reached skill level 5 in Ice Magic
  1674 | D:2      | Reached XP level 4. HP: 25/30 MP: 4/7
  1771 | D:2      | Found a runed translucent door.
  1772 | D:2      | Noticed Crazy Yiuf
  2155 | D:3      | Learned a level 3 spell: Frozen Ramparts
  2159 | D:3      | Learned a level 3 spell: Ozocubu's Armour
  2850 | D:3      | Reached XP level 5. HP: 35/35 MP: 6/8
  2983 | D:4      | Found an ancient bone altar of Kikubaaqudgha.
  2992 | D:4      | Reached *** piety under Zin
  3016 | D:4      | Noticed an ogre
  3025 | D:4      | Killed an ogre
  3026 | D:4      | Reached skill level 6 in Ice Magic
  3270 | D:4      | Reached XP level 6. HP: 36/41 MP: 1/9
  3402 | D:4      | Reached skill level 7 in Ice Magic
  3402 | D:4      | Found a glowing drain.
  3436 | Sewer    | Entered a sewer
  4010 | Sewer    | Reached **** piety under Zin
  4523 | D:4      | Reached XP level 7. HP: 46/46 MP: 2/10
  4733 | D:5      | Entered Level 5 of the Dungeon
  4775 | D:5      | Reached skill level 1 in Invocations
  5281 | D:5      | Found a sand-covered staircase.
  5293 | Ossuary  | Entered an ossuary
  5506 | Ossuary  | Reached XP level 8. HP: 31/52 MP: 3/13
  7181 | Ossuary  | Reached ***** piety under Zin
  7250 | Ossuary  | Reached skill level 8 in Ice Magic
  7362 | D:5      | Reached skill level 5 in Invocations
  7892 | D:5      | Reached XP level 9. HP: 49/57 MP: 8/15
  8071 | D:5      | Found a staircase to the Ecumenical Temple.
  8246 | D:5      | Zin protects you from harm!
  9362 | D:6      | Reached skill level 9 in Ice Magic
  9652 | D:6      | Found a sparkling altar of Nemelex Xobeh.
  9853 | D:6      | Noticed Prince Ribbit
  9864 | D:6      | Killed Prince Ribbit
 10194 | D:6      | Found a faded altar of an unknown god.
 10194 | D:6      | Found a faded altar of an unknown god.
 10196 | D:6      | Found a hazy altar of Hepliaklqana.
 10560 | D:7      | Reached skill level 10 in Ice Magic
 10830 | D:7      | Reached XP level 10. HP: 62/63 MP: 11/16
 11294 | D:7      | Found an opulent altar of Gozag.
 11762 | D:5      | Learned a level 4 spell: Hailstorm
 12318 | D:6      | magus.rc [v1.9.6]
 12354 | D:6      | magus.rc [v1.9.6]
 12614 | D:7      | Reached skill level 1 in Conjurations
 13905 | D:7      | Reached skill level 11 in Ice Magic
 14223 | D:8      | Found a glowing silver altar of Zin.
 14223 | D:8      | Noticed an angel
 15175 | D:8      | Noticed a komodo dragon
 15199 | D:8      | Learned a level 2 spell: Ensorcelled Hibernation
 15247 | D:8      | Killed a komodo dragon
 15471 | D:9      | Reached skill level 10 in Invocations
 15889 | D:9      | Found a burning altar of Makhleb.
 15907 | D:9      | Reached skill level 5 in Conjurations
 15968 | D:9      | Reached XP level 11. HP: 34/68 MP: 5/18
 16539 | D:9      | Found a staircase to the Lair.
 17324 | D:9      | Noticed a two-headed ogre
 17336 | D:9      | Killed a two-headed ogre
 17549 | D:9      | Zin protects you from harm!
 19043 | D:10     | Entered Level 10 of the Dungeon
 19230 | D:10     | Noticed Harold
 19446 | D:10     | Killed Harold
 19921 | D:10     | Found a staircase to the Orcish Mines.
 19975 | D:10     | Reached ****** piety under Zin
 19994 | D:10     | Found a portal to a secret trove of treasure.
 20099 | D:10     | Found a snail-covered altar of Cheibriados.
 20410 | Lair:1   | Entered Level 1 of the Lair of Beasts
 21010 | Lair:1   | Reached skill level 1 in Fighting
 21720 | Lair:1   | Reached XP level 12. HP: 71/78 MP: 13/21
 22577 | Lair:2   | Noticed a boulder beetle
 22695 | Lair:2   | Reached skill level 5 in Dodging
 22811 | Lair:2   | Noticed a five-headed hydra
 22820 | Lair:2   | Killed a five-headed hydra
 22821 | Lair:2   | Reached skill level 5 in Fighting
 23497 | Lair:2   | Killed a boulder beetle
 23588 | Lair:2   | Noticed a five-headed hydra
 23892 | Lair:2   | Killed a five-headed hydra
 24754 | Lair:2   | Found a staircase to the Snake Pit.
 25192 | Lair:3   | Reached XP level 13. HP: 92/96 MP: 10/22
 26000 | Lair:3   | Reached skill level 5 in Spellcasting
 26418 | Lair:3   | Noticed a seven-headed hydra
 26543 | D:11     | Noticed a four-headed hydra
 26551 | D:11     | Killed a four-headed hydra
 26552 | D:11     | Reached skill level 12 in Ice Magic
 27597 | D:11     | Found an iron altar of Okawaru.
 28143 | D:12     | Reached skill level 13 in Ice Magic
 31988 | Lair:3   | Reached skill level 14 in Ice Magic
 32557 | Lair:3   | Killed a seven-headed hydra
 33867 | Lair:4   | Noticed a four-headed hydra
 33903 | Lair:4   | Killed a four-headed hydra
 34064 | Lair:4   | Found a staircase to the Shoals.
 34065 | Lair:4   | Noticed a boulder beetle
 34074 | Lair:4   | Killed a boulder beetle
 34075 | Lair:4   | Reached XP level 14. HP: 63/103 MP: 9/23
 34847 | Lair:5   | Reached skill level 15 in Ice Magic
 35473 | Lair:5   | Noticed Snorg
 35500 | Lair:5   | Killed Snorg
 35658 | Lair:5   | Identified the +3 hunting sling "Gram" {flame, Drain +Blink
                  | Str+2}
 35877 | Lair:5   | Noticed Kirke
 36830 | Lair:6   | Entered Level 6 of the Lair of Beasts
 38739 | Lair:6   | Found a large runed translucent door.
 38739 | Lair:6   | Found a large runed translucent door.
 38741 | Lair:6   | HP: 4/101 [lava snake/glob of lava (8)]
 38741 | Lair:6   | Killed from afar by a lava snake

Illustrated notes

Levels and vault maps discovered:
D:1:      saegor_arrival_miasma, layout_basic,
          hellmonk_ecumenical_altar_prayer_group, moated_statue, minivault_26,
          grunt_decor_fettered, serial_bayou_lake_a
D:2:      layout_rooms, uniq_crazy_yiuf_cottage
D:3:      layout_rooms
D:4:      layout_rooms, mainiacjoe_overflow_catwalk,
          cheibrodos_sewer_entry_bend, hangedman_decor_diamond_cutter
D:5:      lemuel_ice_spiral_2, layout_basic, minmay_temple_entry_tees,
          nicolae_ossuary_entry_ruins, nicolae_fountain_basement
D:6:      layout_rooms, nicolae_hepliaklqana_ecumenical_no_more,
          nemelex_dance_club_becter, grunt_ministairs_15, uniq_prince_ribbit1
D:7:      layout_rooms, kennysheep_little_box
D:8:      kennysheep_big_flooded_room, layout_basic, zin_angel
D:9:      layout_gridville, mainiacjoe_overflow_24_doors, erik_lair_island
D:10:     layout_rooms, mainiacjoe_overflow_surrounded_room, david_orc_3,
          enter_trove_6, hangedman_decor_riveting, nicolae_elevator_lobby_plus,
          uniq_harold
D:11:     layout_loops_ring, okawaru_humans
D:12:     layout_gridville, gauntlet_entry_generic, glass_columns_a
Lair:1:   layout_roguey, nicolae_quartered_pool_super, grunt_megastairs_5,
          infiniplex_staircase_pool_2
Lair:2:   layout_hall_layers, dummy_snake_entry, lemuel_old_faithful
Lair:3:   layout_cave_pods
Lair:4:   layout_misc_corridors, elwin_shoals_entry_rocks, grunt_megastairs_2
Lair:5:   layout_roguey, uniq_kirke, uniq_snorg
Lair:6:   cheibrodos_lair_end_hotspot, layout_layer_cave, slime_altar_1

Skill      XL: |  1  2  3  4  5  6  7  8  9 10 11 12 13 14 |
---------------+-------------------------------------------+-----
Ice Magic      | 5 6 7 8 10 11 14 15 | 15.8
Invocations    | 3 5 8 10 12 | 12.0
Spellcasting   | 3 4 6 |  6.4
Conjurations   | 5 7 |  7.6
Fighting       | 2 7 8 |  8.4
Dodging        | 3 7 8 |  8.8
Stealth        | |  2.0

Action                   |  1- 3 |  4- 6 |  7- 9 | 10-12 | 13-15 || total
-------------------------+-------+-------+-------+-------+-------++-------
Melee: Short sword       |     4 |     2 |   227 |    26 |       ||   259
       Staff             |       |    60 |    43 |    37 |    31 ||   171
       Punch             |       |     1 |     3 |       |       ||     4
       War axe           |       |       |       |       |     5 ||     5
 Fire: Hunting sling     |       |       |       |       |     7 ||     7
Throw: Throwing net      |       |       |     1 |     2 |     4 ||     7
       Stone             |       |       |       |     3 |       ||     3
       Dart              |       |       |       |    14 |     1 ||    15
       Javelin           |       |       |       |       |     2 ||     2
 Cast: Freeze            |    54 |    63 |   112 |   319 |   257 ||   805
       Frozen Ramparts   |       |     8 |    51 |    56 |    54 ||   169
       Ozocubu's Armour  |       |     4 |    34 |    50 |    40 ||   128
       Hailstorm         |       |       |       |    20 |    46 ||    66
       Ensorcelled Hiber |       |       |       |    13 |       ||    13
Invok: Recite            |       |     2 |     9 |    15 |    12 ||    38
       Imprison          |       |       |       |     1 |     2 ||     3
       Vitalisation      |       |       |       |     2 |     2 ||     4
 Abil: Evoke Blink       |       |       |       |       |     1 ||     1
Evoke: Wand              |       |       |       |     4 |     7 ||    11
       Lightning rod     |       |       |       |       |     5 ||     5
  Use: Scroll            |       |     2 |     2 |    12 |     8 ||    24
       Potion            |       |       |     1 |     5 |     2 ||     8
Armor: Robe              |     5 |    18 |   155 |    11 |       ||   189
       Leather armour    |       |       |       |   138 |   110 ||   248
       Skin              |       |       |       |    30 |       ||    30
Dodge: Dodged            |    21 |    72 |   205 |   234 |   242 ||   774

Table legend: (Time is in decaauts)
 A = Elapsed time spent in this place.
 B = Non-inter-level travel time spent in this place.
 C = Inter-level travel time spent in this place.
 D = Time resting spent in this place.
 E = Time spent auto-exploring this place.
 F = Levels seen in this place.
 G = Mean time per level.
                   A        B        C        D        E       F      G
               +--------+--------+--------+--------+--------+-----+--------+
         Total |  38954 |  37246 |   1708 |  13370 |  18659 |  20 | 1947.7 |
       Dungeon |  22901 |  21672 |   1229 |   8417 |  10337 |  12 | 1908.4 |
          Lair |  13203 |  12725 |    478 |   4476 |   6747 |   6 | 2200.5 |
         Sewer |    762 |    762 |      0 |     39 |    480 |   1 |  762.0 |
       Ossuary |   2087 |   2087 |      0 |    438 |   1094 |   1 | 2087.0 |
               +--------+--------+--------+--------+--------+-----+--------+

Top non-repeatable levels by time:
     D:9: 3773 daAuts
     D:6: 2972 daAuts
    D:11: 2864 daAuts
  Lair:1: 2812 daAuts
  Lair:3: 2776 daAuts
     D:5: 2213 daAuts
  Lair:2: 2133 daAuts
  Lair:5: 2133 daAuts
 Ossuary: 2087 daAuts
    D:12: 2032 daAuts
  Lair:4: 1980 daAuts
     D:8: 1851 daAuts
     D:7: 1844 daAuts
  Lair:6: 1367 daAuts
     D:1: 1349 daAuts
